 Dungeon Crawl Stone Soup version 0.31.0-9-g3a7656b989 (console) character file.

Game seed: 12060835871231574967

109 AlterAsc the Ruffian (level 4, 38/38 HPs)
             Began as a Ghoul Fighter on Jan 26, 2024.
             Quit the game on level 3 of the Dungeon.
             The game lasted 00:03:39 (2180 turns).

AlterAsc the Ruffian (Ghoul Fighter)                Turns: 2180, Time: 00:03:40

Health: 38/38      AC: 10    Str: 21    XL:     4   Next: 89%
Magic:  4/4        EV:  7    Int:  7    God:
Gold:   108        SH:  4    Dex:  8    Spells: 3/3 levels left

rFire   . .          .
                       - Unarmed
rCold   + . .        b - +0 buckler
rNeg    + + +        d - +0 chain mail
rPois   ∞            (no helmet)
rElec   .            r - +0 cloak
rCorr   .            (no gloves)
SInv    .            (no boots)
Will    .....        (no amulet) Stlth
                     (no ring)
HPRegen 0.26/turn    (no ring)
MPRegen 0.09/turn

%: no passive effects
@: no status effects
A: claws 1, cold resistance 1, negative energy resistance 3, inhibited
regeneration, torment resistance 2, devour on kill
a: no special abilities


You were on level 3 of the Dungeon.
You visited 1 branch of the dungeon, and saw 3 of its levels.

You collected 108 gold pieces.

Inventory:

Missiles
 f - 6 poisoned darts (quivered)
Armour
 a - a +0 scale mail
 b - a +0 buckler (worn)
 d - a +0 chain mail (worn)
 r - a +0 cloak (worn)
Wands
 p - a wand of flame (18)
Scrolls
 e - a scroll of fear {unknown}
 i - 2 scrolls of poison {unknown}
 k - a scroll of identify {unknown}
 l - a scroll of blinking {unknown}
 m - a scroll of teleportation {unknown}
 n - a scroll of enchant weapon {unknown}
 q - a scroll of brand weapon {unknown}
Potions
 c - a potion of might
 g - 2 potions of magic {unknown}
 h - 2 potions of mutation {unknown}
 j - a potion of curing {unknown}
 o - 2 potions of attraction {unknown}


   Skills:
 - Level 3.2 Fighting
 - Level 2.6 Armour
 - Level 2.6 Shields
 + Level 5.4 Unarmed Combat


You had 3 spell levels left.
You didn't know any spells.
Your spell library was empty.

Dungeon Overview and Level Annotations

Branches:
Dungeon (3/15)

Altars:


Innate Abilities, Weirdness & Mutations

You are immune to poison.
You have sharp fingernails.
Your flesh is cold resistant. (rC+)
You are immune to negative energy. (rN+++)
You do not regenerate when monsters are visible.
You are immune to unholy pain and torment.
You thrive by killing the living.


Message History

You barely miss the goblin. You block the goblin's attack.
You closely miss the goblin. The goblin hits you but does no damage.
You closely miss the goblin. You scratch the goblin.
You kill the goblin!
You feel better.
No target in view!
Things that are here:
a +0 dagger; a goblin corpse You see here a +2 dagger of venom.
q - a scroll labelled MIRALI JURIPA You see here a staff of conjuration.
An endoplasm comes into view.
Found 4 gold pieces.
The endoplasm quivers.
The endoplasm hits you but does no damage.
You scratch the endoplasm.
The endoplasm is heavily wounded.
The endoplasm hits you but does no damage.
You scratch the endoplasm.
The endoplasm is almost dead.
The endoplasm hits you.
You scratch the endoplasm.
You kill the endoplasm!
You feel better.
No target in view!
You now have 108 gold pieces (gained 4).
Found a kite shield.
No target in view!
Found a trident.
No target in view!
No target in view!
Found a cloak.
You see here a +0 cloak.
r - a +0 cloak You start putting on your armour.
You continue putting on your +0 cloak. x4
You finish putting on your +0 cloak.
Your movement speed is average.
Your attack delay is about 0.9.
Your damage rating with unarmed combat is about 13 (Base [5 + 5 (UC)] x 127% (Str) x 105% (Fight)).
Are you sure you want to abandon this character and quit the game? (Confirm with "yes".)

#.###........##.#
...).##..#..##.# #.
#.#.##..#..##.# .
#.#####.............#
.#............#.#.#### .
..........##.#...# ##
#.###........##.###.###.
........#....##.###.....
............###.....###.
.................#### ##
.......@....####.#
......####### .# .....
.... ##### #.. #.... #.
#.... # #.### #.# #
#.### #.... ###.#


There were no monsters in sight!

Vanquished Creatures
  2 adders (D:2)
  3 gnolls (D:3)
  2 dart slugs (D:3)
  2 ribbon worms
  3 orcs (D:3)
  4 ball pythons
  6 bats
  3 endoplasms
  5 goblins
  4 hobgoblins
  2 jackals (D:1)
  2 quokkas
  3 frilled lizards
  5 kobolds
  4 rats
50 creatures vanquished.

Notes
Turn   | Place    | Note
-------+----------+-------------------------------------------
     0 | D:1      | AlterAsc the Ghoul Fighter began the quest for the Orb.
     0 | D:1      | Reached XP level 1. HP: 19/19 MP: 1/1
   217 | D:1      | Reached XP level 2. HP: 20/26 MP: 2/2
   247 | D:1      | Reached skill level 3 in Unarmed Combat
   776 | D:2      | Reached XP level 3. HP: 29/31 MP: 3/3
  1288 | D:2      | Reached skill level 4 in Unarmed Combat
  1787 | D:3      | Reached XP level 4. HP: 38/38 MP: 4/4
  1798 | D:3      | Reached skill level 5 in Unarmed Combat
  2180 | D:3      | Quit the game

Illustrated notes

Levels and vault maps discovered:
D:1:      dpeg_arrival_rhombi, layout_basic
D:2:      layout_basic, grunt_decor_fettered, minmay_misc_feat_hallway
D:3:      layout_loops_cross

Skill      XL: |  1  2  3  4 |
---------------+-------------+-----
Unarmed Combat | 3 4 5 |  5.4
Fighting       | |  3.2
Armour         | |  2.6
Shields        | |  2.6

Action                     |  1- 3 |  4- 6 || total
---------------------------+-------+-------++-------
  Melee: Unarmed           |   125 |    60 ||   185
 Armour: Chain mail        |    82 |    34 ||   116
  Dodge: Dodged            |    34 |    18 ||    52
  Block: Buckler           |    18 |    14 ||    32
